 Dungeon Crawl Stone Soup version 0.30.0-29-ga12c61a403 (webtiles) character file.

Game seed: 14671378314304805218

48470 Sabo the Peltast (level 14, -2/110 HPs)
             Began as a Formicid Fighter on June 4, 2023.
             Was a High Priest of Qazlal.
             Slain by an ettin
             ... wielding a +0 dire flail
              (13 damage)
             ... on level 1 of the Depths on June 5, 2023.
             The game lasted 01:39:54 (18383 turns).

Sabo the Peltast (Formicid Fighter)                Turns: 18383, Time: 01:39:54

Health: -2/110     AC: 33    Str: 34    XL:     14   Next: 87%
Magic:  14/14      EV: 10    Int:  7    God:    Qazlal [*****.]
Gold:   972        SH: 16    Dex: 22    Spells: 13/13 levels left

rFire   . . .        z - +6 flail (protect)
rCold   . . .        q - +0 buckler {reflect}
rNeg    . . .        G - +0 plate armour
rPois   .            (helmet unavailable)
rElec   .            c - +1 cloak
rCorr   .            o - +2 pair of gloves
SInv    +            g - +1 pair of boots
Will    +....        m - amulet of regeneration Stlth
                     s - +6 ring of strength
HPRegen 1.18/turn    x - +6 ring of dexterity
MPRegen 0.14/turn

%: repel missiles, reflection
@: protected from physical damage, under a protective aura
A: permanent stasis, dig shafts and tunnels, antennae 3, four strong arms, agile
1, strong 1, subdued magic 1
a: Dig, Shaft Self, Renounce Religion, Upheaval, Elemental Force, Disaster Area


You were on level 1 of the Depths.
You worshipped Qazlal.
Qazlal was extremely pleased with you.
You visited 2 branches of the dungeon, and saw 16 of its levels.

You collected 1623 gold pieces.
You spent 651 gold pieces at shops.

Inventory:

Hand Weapons
 a - a +0 war axe
 v - a +3 flail of protection
 z - a +6 flail of protection (weapon)
 C - a +2 flail of freezing
 H - a +1 shortbow of flaming
 I - a +8 long sword of freezing
 J - a +7 long sword
 N - the +1 battleaxe of Ragnarok {drain, Str+3 Dex+2}
   (You found it on level 15 of the Dungeon)

   Str:       It affects your strength (+3).
   Dex:       It affects your dexterity (+2).
Missiles
 t - 3 poisoned darts
Armour
 c - a +1 cloak (worn)
 g - a +1 pair of boots (worn)
 j - the +0 chain mail "Axiqeck" {Contam rF+ Int+4}
   (You bought it in a shop on level 9 of the Dungeon)

   Int:       It affects your intelligence (+4).
   rF:        It protects you from fire.
   Contam:    It causes magical contamination when unequipped.
 o - a +2 pair of gloves (worn)
 q - a +0 buckler of reflection (worn)
 D - a +0 pair of gloves of stealth
 G - a +0 plate armour (worn)
Jewellery
 b - the amulet "Salaenuwk" {Spirit Drain rC+ Slay+2}
   (You found it on level 7 of the Dungeon)

   [amulet of guardian spirit]

   It causes incoming damage to be divided between your reserves of health and
   magic.
   Slay:      It affects your accuracy & damage with ranged weapons and melee
   (+2).
   rC:        It protects you from cold.
   Drain:     It drains your maximum health when unequipped.
 m - an amulet of regeneration (around neck)
 s - a +6 ring of strength (left hand)
 x - a +6 ring of dexterity (right hand)
Wands
 h - a wand of flame (11)
 w - a wand of mindburst (10)
Scrolls
 e - 3 scrolls of poison
 k - a scroll of magic mapping
 n - a scroll of summoning
 p - a scroll of silence
 u - a scroll of brand weapon
 y - a scroll of fear
 F - 7 scrolls of fog
Potions
 d - 5 potions of might
 f - 9 potions of curing
 l - 2 potions of flight
 r - 2 potions of lignification
 A - a potion of resistance
 B - 2 potions of cancellation
 L - a potion of degeneration {unknown}


   Skills:
 + Level 10.0 Fighting
 + Level 4.1(9.7) Axes
 + Level 13.6(13.8) Maces & Flails
 + Level 2.0 Ranged Weapons
 + Level 0.7 Throwing
 + Level 11.4 Armour
 + Level 3.0 Dodging
 + Level 2.2 Stealth
 * Level 19.7 Shields


You had 13 spell levels left.
You didn't know any spells.
Your spell library contained the following spells:

 Spells                   Type           Power      Damage    Failure   Level
 Apportation              Tloc           0%         N/A       93%         1
 Beastly Appendage        Tmut           0%         N/A       93%         1
 Foxfire                  Conj/Fire      0%         2x1d4     93%         1
 Necrotise                Necr           0%         1d4       93%         1
 Shock                    Conj/Air       0%         1d3       93%         1
 Summon Small Mammal      Summ           0%         N/A       93%         1
 Ensorcelled Hibernation  Hex/Ice        0%         N/A       98%         2
 Lesser Beckoning         Tloc           0%         N/A       98%         2
 Wereblood                Tmut           0%         N/A       98%         2
 Gell's Gravitas          Tloc           0%         N/A       100%        3
 Inner Flame              Hex/Fire       0%         N/A       100%        3
 Spider Form              Tmut/Pois      0%         N/A       100%        3
 Summon Guardian Golem    Hex/Summ       0%         N/A       100%        3
 Teleport Other           Tloc           0%         N/A       100%        3
 Airstrike                Air            0%         2d(0-16)  100%        4
 Anguish                  Hex/Necr       0%         N/A       100%        4
 Flame Wave               Conj/Fire      0%         2d4       100%        4
 Sticky Flame             Conj/Fire      0%         2d3       100%        4
 Summon Ice Beast         Ice/Summ       0%         N/A       100%        4
 Alistair's Intoxication  Tmut/Pois      0%         N/A       100%        5
 Blade Hands              Tmut           0%         N/A       100%        5
 Fireball                 Conj/Fire      0%         3d3       100%        5
 Irradiate                Conj/Tmut      0%         3d11      100%        5
 Iskenderun's Battlesphe  Conj           0%         2d6       100%        5
 Summon Mana Viper        Hex/Summ       0%         N/A       100%        5
 Conjure Ball Lightning   Conj/Air       0%         3x3d6     100%        6
 Plasma Beam              Fire/Air       0%         2x1d11    100%        6
 Starburst                Conj/Fire      0%         6d3       100%        6
 Dragon Form              Tmut           0%         N/A       100%        7
 Monstrous Menagerie      Summ           0%         N/A       100%        7
 Orb of Destruction       Conj           0%         9d5       100%        7
 Spellforged Servitor     Conj/Summ      0%         N/A       100%        7
 Swiftness                Air            Unusable   N/A       N/A         3

Dungeon Overview and Level Annotations

Branches:
Dungeon (15/15)            Temple (0/1) D:6            Lair (0/5) D:10
    Orc (0/2) D:10         Vaults (0/5) D:14         Depths (1/4) D:15

Altars:
Ashenzari
Elyvilon
Fedhas
Nemelex Xobeh
Qazlal
Trog
Uskayaw
Zin
The Shining One

Shops:
D:6 *   D:9 [   Depths:1 ?

Annotations:
D:9 exclusion: obsidian statue


Innate Abilities, Weirdness & Mutations

You cannot be hasted, slowed, berserked, paralysed or teleported.
You can dig through walls and to a lower floor.
You have a pair of large antennae on your head. (SInv)
Your four strong arms can wield two-handed weapons with a shield.
You are agile. (Dex +4, Str/Int -1)
Your muscles are strong. (Str +4, Int/Dex -1)
Your spells are a little easier to cast, but a little less powerful.


Message History

* * * LOW HITPOINT WARNING * * *
You feel more protected from physical attacks.
The spriggan berserker is engulfed in freezing vapours.
The spriggan berserker hits you but does no damage.
You feel much better.
The ettin hits you but does no damage. x2
The spriggan berserker is engulfed in freezing vapours.
You block the spriggan berserker's attack.
The spriggan air mage is engulfed in a thunderstorm.
You kill the spriggan air mage!
Qazlal accepts your kill.
The spriggan rider hits you from afar with a +0 spear!
You feel more protected from physical attacks.
Your Fighting skill increases to level 10!
You thump the spriggan berserker!
The spriggan berserker is almost dead.
The spriggan berserker is engulfed in freezing vapours.
You block the spriggan berserker's attack.
You block the ettin's attack.
The ettin hits you with a +0 dire flail!
You feel more protected from physical attacks.
The spriggan rider hits you but does no damage.
You sock the ettin!
The ettin is lightly wounded.
The spriggan berserker is engulfed in freezing vapours.
The spriggan berserker hits you but does no damage.
The ettin hits you with a +0 dire flail!!
* * * LOW HITPOINT WARNING * * *
You block the ettin's attack.
You hit the ettin but do no damage.
The ettin is lightly wounded.
The spriggan berserker is engulfed in freezing vapours.
You kill the spriggan berserker!
Qazlal accepts your kill.
The spriggan rider hits you but does no damage.
You sock the ettin!
The ettin is moderately wounded.
The ettin is engulfed in a thunderstorm.
You block the ettin's attack.
The ettin hits you with a +0 dire flail!
You die...

### ##### #...#...####
####### ....#......#####
#....#.
...........##..###......
...#.......##..##.#.....
......§.○......##.......
......○○§.....∩.........
.......@.°..##..........
......C°[§..##..##......
......i.........##......
........................
........................
........................
........................
.....^.........


You could see an ettin and a spriggan rider.

Vanquished Creatures
  Kirke (D:12)
  A spriggan air mage (Depths:1)
  4 boulder beetles
  4 centaur warriors
  A catoblepas (D:15)
  2 dancing weapons (D:14)
  6 two-headed ogres
  4 tengu warriors
  A spriggan berserker (Depths:1)
  A vampire mage (D:15)
  2 spark wasp zombies (D:15)
  9 skeletal warriors
  A golden dragon zombie (D:15)
  Lodul (D:13)
  Pikel (D:5)
  A shadow dragon zombie (D:15)
  A wizard (D:11)
  A deep elf pyromancer (D:13)
  2 orc knights (D:15)
  A necromancer (D:15)
  6 ugly things
  A wolf spider (D:15)
  6 cyclopes
  5 manticores (D:11)
  Maurice (D:13)
  2 gargoyles
  2 unseen horrors (D:11)
  4 kobold demonologists
  A komodo dragon (D:11)
  A tengu conjurer (D:11)
  7 trolls
  4 meliai
  2 centaur simulacra
  13 slime creatures
  2 vampires
  3 shadows
  3 wyverns
  Eustachio (D:4)
  3 wraiths
  A steam dragon (D:5)
  7 yaks
  10 vampire mosquitoes
  Edmund (D:5)
  A water moccasin (D:7)
  3 acid dragons
  8 orc warriors
  An ice beast (D:7)
  A sky beast (D:7)
  4 black bears
  6 centaurs
  7 ogres
  A phantom (D:5)
  4 scorpions
  6 wights (D:7)
  5 killer bees
  5 howler monkeys
  8 jellies
  A hound (D:5)
  8 orc priests
  2 gnoll boudas
  4 iguanas
  A sleepcap (D:6)
  13 orc wizards
  12 gnolls
  5 adders
  A shadow imp (D:5)
  2 worms
  3 dart slugs
  37 orcs
  2 ball pythons
  5 bats
  2 endoplasms (D:2)
  6 giant cockroaches
  6 goblins
  9 hobgoblins
  2 jackals (D:4)
  5 quokkas
  2 frilled lizards
  7 kobolds
  2 rats (D:3)
328 creatures vanquished.

Vanquished Creatures (others)
  3 humans (D:12)
3 creatures vanquished.

Grand Total: 331 creatures vanquished

Notes
Turn   | Place    | Note
-------+----------+-------------------------------------------
     0 | D:1      | Sabo the Formicid Fighter began the quest for the Orb.
     0 | D:1      | Reached XP level 1. HP: 18/18 MP: 1/1
    95 | D:1      | Reached XP level 2. HP: 24/24 MP: 2/2
   557 | D:1      | Reached XP level 3. HP: 26/29 MP: 3/3
  1645 | D:3      | Reached XP level 4. HP: 37/37 MP: 4/4
  1790 | D:3      | Reached XP level 5. HP: 41/42 MP: 5/5
  1984 | D:3      | Found a glowing silver altar of Zin.
  2122 | D:3      | Reached skill level 5 in Shields
  2465 | D:4      | Reached XP level 6. HP: 48/48 MP: 6/6
  2593 | D:4      | Noticed Eustachio
  2603 | D:4      | Killed Eustachio
  2718 | D:4      | Found a stormy altar of Qazlal.
  2756 | D:4      | Reached XP level 7. HP: 54/55 MP: 7/7
  2823 | D:4      | Became a worshipper of Qazlal Stormbringer
  3339 | D:5      | Entered Level 5 of the Dungeon
  3374 | D:5      | Found a sparkling altar of Nemelex Xobeh.
  3729 | D:5      | Reached skill level 6 in Shields
  3729 | D:5      | Reached XP level 8. HP: 61/61 MP: 8/8
  3844 | D:5      | Noticed Edmund
  3863 | D:5      | Killed Edmund
  3864 | D:5      | Reached skill level 5 in Armour
  3864 | D:5      | Reached skill level 1 in Stealth
  3924 | D:5      | Noticed Pikel
  3938 | D:5      | Killed Pikel
  3939 | D:5      | Reached skill level 5 in Fighting
  3939 | D:5      | Reached skill level 1 in Dodging
  4035 | D:5      | Reached skill level 7 in Shields
  4035 | D:5      | Reached XP level 9. HP: 64/68 MP: 9/9
  4888 | D:6      | Found a staircase to the Ecumenical Temple.
  4896 | D:6      | Reached * piety under Qazlal
  5133 | D:6      | Found Tiukax's Wicked Wares.
  5564 | D:7      | Identified the amulet "Salaenuwk" {Spirit Drain rC+ Slay+2}
  5650 | D:7      | Reached skill level 8 in Shields
  6095 | D:7      | Reached XP level 10. HP: 72/76 MP: 10/10
  6107 | D:7      | Reached skill level 9 in Shields
  6141 | D:7      | Reached ** piety under Qazlal
  6710 | D:8      | Found a white marble altar of Elyvilon.
  6710 | D:8      | Found a glowing golden altar of the Shining One.
  6712 | D:8      | Found a broken altar of Ashenzari.
  7045 | D:8      | You fall into a shaft and drop 1 floor!
  7087 | D:8      | Reached skill level 10 in Shields
  7518 | D:8      | Found a blossoming altar of Fedhas.
  8114 | D:8      | Gained mutation: You expend magic power (3 MP) to
                  | strengthen your wands. [potion of mutation]
  8114 | D:8      | Gained mutation: You do not regenerate when monsters are
                  | visible. [potion of mutation]
  8114 | D:8      | Gained mutation: Your spells are a little harder to cast,
                  | but a little more powerful. [potion of mutation]
  8114 | D:8      | Gained mutation: You are resistant to electric shocks.
                  | (rElec) [potion of mutation]
  8115 | D:8      | Lost mutation: You are resistant to electric shocks.
                  | (rElec) [potion of mutation]
  8115 | D:8      | Lost mutation: You do not regenerate when monsters are
                  | visible. [potion of mutation]
  8115 | D:8      | Lost mutation: Your spells are a little harder to cast, but
                  | a little more powerful. [potion of mutation]
  8115 | D:8      | Gained mutation: Your muscles are strong. (Str +4, Int/Dex
                  | -1) [potion of mutation]
  8115 | D:8      | Gained mutation: Potions are less effective at restoring
                  | your health. [potion of mutation]
  8115 | D:8      | Gained mutation: Your spells are a little easier to cast,
                  | but a little less powerful. [potion of mutation]
  8115 | D:8      | Gained mutation: You possess an exceptional clarity of
                  | mind. [potion of mutation]
  8116 | D:8      | Lost mutation: You expend magic power (3 MP) to strengthen
                  | your wands. [potion of mutation]
  8116 | D:8      | Lost mutation: Potions are less effective at restoring your
                  | health. [potion of mutation]
  8116 | D:8      | Lost mutation: You possess an exceptional clarity of mind.
                  | [potion of mutation]
  8116 | D:8      | Gained mutation: You are agile. (Dex +4, Str/Int -1)
                  | [potion of mutation]
  8200 | D:9      | Noticed an obsidian statue
  8290 | D:9      | Reached skill level 11 in Shields
  8413 | D:9      | Found a bloodstained altar of Trog.
  9748 | D:9      | Found Teolifor's Antique Armour Emporium.
  9800 | D:9      | Bought a bloodstained chain mail for 209 gold pieces
  9800 | D:9      | Identified the +0 chain mail "Axiqeck" {Contam rF+ Int+4}
                  | (You bought it in a shop on level 9 of the Dungeon)
  9800 | D:9      | Bought a glowing buckler for 165 gold pieces
  9986 | D:10     | Entered Level 10 of the Dungeon
  9989 | D:10     | Found a staircase to the Lair.
 10030 | D:10     | Found a staircase to the Orcish Mines.
 10202 | D:10     | Reached XP level 11. HP: 81/83 MP: 11/11
 10222 | D:10     | Noticed a two-headed ogre
 10232 | D:10     | Killed a two-headed ogre
 10501 | D:10     | Noticed a two-headed ogre
 10510 | D:10     | Killed a two-headed ogre
 10511 | D:10     | Reached skill level 12 in Shields
 10873 | D:9      | Bought a glowing cloak for 165 gold pieces
 10994 | D:10     | Reached skill level 10 in Maces & Flails
 11802 | D:11     | Noticed a two-headed ogre
 11809 | D:11     | Killed a two-headed ogre
 12031 | D:11     | Noticed a wizard
 12031 | D:11     | Noticed a manticore
 12048 | D:11     | Killed a wizard
 12049 | D:11     | Killed a manticore
 12050 | D:11     | Reached skill level 13 in Shields
 12053 | D:11     | Noticed a centaur warrior
 12073 | D:11     | Killed a centaur warrior
 12074 | D:11     | Reached XP level 12. HP: 80/91 MP: 12/12
 12179 | D:11     | Noticed a two-headed ogre
 12192 | D:11     | Killed a two-headed ogre
 12206 | D:11     | Reached skill level 14 in Shields
 12212 | D:11     | Reached *** piety under Qazlal
 12483 | D:11     | Noticed a two-headed ogre
 12496 | D:11     | Killed a two-headed ogre
 12544 | D:11     | Noticed a two-headed ogre
 12555 | D:11     | Killed a two-headed ogre
 13044 | D:11     | Reached skill level 1 in Ranged Weapons
 13238 | D:12     | Reached skill level 15 in Shields
 13443 | D:12     | Noticed Kirke
 13458 | D:12     | Killed Kirke
 13459 | D:12     | Reached XP level 13. HP: 99/99 MP: 13/13
 13546 | D:12     | Reached skill level 10 in Armour
 14286 | D:13     | Noticed Maurice
 14293 | D:13     | Killed Maurice
 14294 | D:13     | Reached skill level 16 in Shields
 14500 | D:13     | Noticed a centaur warrior
 14510 | D:13     | Killed a centaur warrior
 14647 | D:13     | Noticed a centaur warrior
 14667 | D:13     | Killed a centaur warrior
 15103 | D:13     | Noticed Lodul
 15129 | D:13     | Reached skill level 17 in Shields
 15139 | D:13     | Reached **** piety under Qazlal
 15143 | D:13     | Killed Lodul
 15686 | D:14     | Reached XP level 14. HP: 74/108 MP: 14/14
 16338 | D:14     | Found a hide-covered altar of Uskayaw.
 16425 | D:14     | Reached skill level 18 in Shields
 16549 | D:14     | Found a gate to the Vaults.
 16943 | D:15     | Entered Level 15 of the Dungeon
 17078 | D:15     | Found a staircase to the Depths.
 17091 | D:15     | Reached skill level 19 in Shields
 17361 | D:15     | Reached ***** piety under Qazlal
 17539 | D:15     | Found a white marble altar of Elyvilon.
 17668 | D:15     | Identified the +1 battleaxe of Ragnarok {drain, Str+3
                  | Dex+2}
 18325 | Depths:1 | Entered Level 1 of the Depths
 18353 | Depths:1 | Found Duoteire's Magic Scroll Boutique.
 18361 | Depths:1 | Bought a scroll of enchant weapon for 112 gold pieces
 18380 | Depths:1 | Reached skill level 10 in Fighting
 18383 | Depths:1 | Slain by an ettin

Illustrated notes

Levels and vault maps discovered:
D:1:      minmay_arrival_shattered_statue, layout_rooms, serial_bayou_pond_d
D:2:      cheibrodos_old_hovel, layout_loops_ring,
          hangedman_abyss_or_decor_stabs, reono_crystal_passage,
          nicolae_concentric_dashed_squares_wild, chequers_jeans
D:3:      layout_loops_ring, general_overflow_altar
D:4:      layout_basic, grunt_qazlal_sundering, nrook_loot_triangle,
          minmay_liquid_box, uniq_eustachio
D:5:      layout_basic, nemelex_spade_bored_becter, minmay_small_thing,
          uniq_edmund, uniq_pikel
D:6:      layout_cave_pools, minmay_temple_entry_proselytizer, nicolae_evil_shop
D:7:      layout_loops_ring, grunt_ministairs_13, minmay_crossroads
D:8:      layout_layer_cave, nicolae_overflow_quartered_altars,
          small_statue_intersection, lemuel_flame_loot_1
D:9:      layout_grid_maze, mainiacjoe_overflow_alcove_2, serial_shops, shop,
          minmay_protected_statue
D:10:     layout_stronghold, david_lair_generic, orc_0_dummy
D:11:     hangedman_cross_cluster, layout_loops_ring
D:12:     layout_roguey, uniq_kirke
D:13:     layout_grid_maze, uniq_maurice, uniq_lodul
D:14:     nicolae_cairo_tiling_large_dashed, layout_loops_ring, erik_vaults_1,
          nicolae_uskayaw_murder_on_the_dancefloor
D:15:     gammafunk_depths_entry_grave, layout_rooms, elyvilon_altar_5,
          hangedman_decor_opposing
Depths:1: layout_forbidden_donut, serial_rivers, chequers_serial_rivers_micro_e,
          chequers_serial_rivers_micro_d, chequers_serial_rivers_room_a,
          chequers_serial_rivers_large_b, chequers_serial_rivers_micro_a,
          chequers_serial_rivers_small_a,
          nicolae_abyss_entry_one_way_or_another, grunt_hell_entry_dis_grunt,
          serial_shops, nicolae_square_shop, okawaru_trees_2

Skill      XL: |  1  2  3  4  5  6  7  8  9 10 11 12 13 14 |
---------------+-------------------------------------------+-----
Fighting       | 4 5 6 7 8 9 10 | 10.0
Armour         | 4 5 6 7 9 10 11 | 11.4
Axes           | 3 4 |  4.1
Shields        | 5 6 7 8 11 13 15 17 19 | 19.7
Maces & Flails | 2 4 6 8 9 10 11 12 13 | 13.6
Stealth        | 1 2 |  2.2
Dodging        | 1 2 3 |  3.0
Ranged Weapons | 1 2 |  2.0
Throwing       | |  0.7

Action                     |  1- 3 |  4- 6 |  7- 9 | 10-12 | 13-15 || total
---------------------------+-------+-------+-------+-------+-------++-------
  Melee: War axe           |    90 |    59 |       |       |       ||   149
         Flail             |       |    52 |   212 |   465 |   630 ||  1359
   Fire: Shortbow          |       |       |       |     9 |       ||     9
  Throw: Dart              |       |       |       |     7 |       ||     7
Ability: Dig               |       |       |       |     4 |       ||     4
    Use: Scroll            |     1 |     4 |     1 |    16 |    10 ||    32
         Potion            |       |       |     1 |     6 |     3 ||    10
 Armour: Scale mail        |    34 |       |       |       |       ||    34
         Chain mail        |    22 |    73 |   132 |    52 |       ||   279
         Plate armour      |       |       |       |   335 |   309 ||   644
  Dodge: Dodged            |    44 |    52 |    88 |   232 |   185 ||   601
         Repelled          |       |       |       |       |     1 ||     1
  Block: Buckler           |    24 |    39 |    98 |   375 |   493 ||  1029
         Reflection        |       |       |       |     3 |    10 ||    13
